 Dungeon Crawl Stone Soup version 0.30.0-20-g3615ddf2f0 (webtiles) character file.

Game seed: 2078282295402453173

90 qw the Chopper (level 4, -1/28 HPs)
             Began as a Gargoyle Fighter on May 28, 2023.
             Slain by a gnoll
             ... wielding a +0 spear
              (3 damage)
             ... on level 2 of the Dungeon.
             The game lasted 00:00:47 (1315 turns).

qw the Chopper (Gargoyle Fighter)                   Turns: 1315, Time: 00:00:48

Health: -1/28      AC: 13    Str: 21    XL:     4   Next: 56%
Magic:  4/4        EV:  9    Int:  9    God:
Gold:   52         SH:  4    Dex:  9    Spells: 3/3 levels left

rFire   . . .        Y - +0 war axe
rCold   . . .        c - +0 buckler
rNeg    + + .        b - +0 scale mail
rPois   inf          n - +0 helmet
rElec   +            (no cloak)
rCorr   .            m - +0 pair of gloves
SInv    .            l - +0 pair of boots
Will    .....        (no amulet) Stlth
                     h - ring of positive energy
HPRegen 0.24/turn    (no ring)
MPRegen 0.09/turn

%: no passive effects
@: no status effects
A: sickness immunity, AC +3, negative energy resistance 1, electricity
resistance, torment resistance 1, petrification resistance
a: no special abilities


You were on level 2 of the Dungeon.
You visited 1 branch of the dungeon, and saw 2 of its levels.

You collected 94 gold pieces.
You spent 42 gold pieces at shops.


Innate Abilities, Weirdness & Mutations

You are immune to sickness and miasma.
Your stone body is resilient. (AC +3)
You are immune to poison.
You resist negative energy. (rN+)
You are resistant to electric shocks. (rElec)
You are resistant to unholy torment.
You are immune to petrification.


   Skills:
 - Level 3.2 Fighting
 + Level 4.2 Axes
 - Level 3.2 Armour
 - Level 3.2 Shields


You had 3 spell levels left.
You didn't know any spells.
Your spell library was empty.

Inventory:

Hand Weapons
 i - a +0 whip
 Y - a +0 war axe (weapon)
Armour
 b - a +0 scale mail (worn)
 c - a +0 buckler (worn)
 j - the +0 leather armour of the Stone Wall {rN+ Str+6 Dex+4}
   (You found it on level 2 of the Dungeon)

   Str:       It affects your strength (+6).
   Dex:       It affects your dexterity (+4).
   rN:        It protects you from negative energy.
 l - a +0 pair of boots (worn)
 m - a +0 pair of gloves (worn)
 n - a +0 helmet (worn)
Jewellery
 h - a ring of positive energy (left hand)
Scrolls
 a - 2 scrolls of identify
 e - a scroll of teleportation {unknown}
Potions
 d - a potion of might
 f - a potion of degeneration {unknown}
 g - a potion of curing {unknown}
 k - a potion of heal wounds {unknown}
 o - a potion of attraction

Dungeon Overview and Level Annotations

Branches:
Dungeon (2/15)

Altars:
Trog

Shops:
D:2 !


Message History

The gnoll hits you from afar with a +0 spear.
You hit the gnoll.
The gnoll is almost dead.
You closely miss the gnoll. You block the gnoll's attack.
The gnoll barely misses you.
You closely miss the gnoll.
The gnoll is almost dead.
You hit the gnoll.
The gnoll hits you but does no damage. x2
The gnoll hits you from afar with a +0 spear.
The gnoll misses you. The gnoll hits you with a +0 whip.
The gnoll closely misses you.
You slash the gnoll!
You kill the gnoll!
You hit the gnoll but do no damage. The gnoll hits you with a +0 whip.
The gnoll hits you but does no damage.
You slash the gnoll!
The gnoll is almost dead.
The gnoll barely misses you. The gnoll hits you but does no damage.
The gnoll closely misses you.
The gnoll hits you from afar with a +0 spear.
You barely miss the gnoll.
The gnoll is almost dead.
The gnoll hits you with a +0 whip! The gnoll barely misses you.
You closely miss the gnoll.
The gnoll is almost dead.
The gnoll barely misses you.
The gnoll hits you from afar with a +0 spear.
You slash the gnoll!
You kill the gnoll!
You block the gnoll's attack.
Found a stone staircase leading down.
The gnoll barely misses you.
You slash the gnoll!
The gnoll is almost dead.
The gnoll hits you but does no damage. The gnoll hits you with a +0 spear.
You closely miss the gnoll.
The gnoll is almost dead.
The gnoll hits you with a +0 spear.
You die...

...# ...# ...# ..#####
...########.....######
...#....>........<...#
...#.#####..)........#
...#.# #...........#
##.#.## ##...........#
......#.........)....#
......#....##..)@....#
...........##....g...#
...........##........#
.......#.............#
.....#.#...##........#
##.#...# .7 #....#.###
........ #.##.#.#
##.#. .. ....> # #


You could see a gnoll.

Vanquished Creatures
  4 gnolls
  An adder (D:2)
  A worm (D:2)
  A dart slug (D:1)
  5 bats
  4 endoplasms
  A giant cockroach (D:2)
  3 goblins
  4 hobgoblins
  A kobold (D:1)
  2 quokkas (D:2)
  5 ball pythons
  2 frilled lizards
  5 rats
39 creatures vanquished.

Notes
Turn   | Place    | Note
-------+----------+-------------------------------------------
     0 | D:1      | qw the Gargoyle Fighter began the quest for the Orb.
     0 | D:1      | Reached XP level 1. HP: 14/14 MP: 1/1
     0 | D:1      | 0 ||| qw: Version: 0.2-a-101-gf8a7cd0
     0 | D:1      | 0 ||| qw: Game counter: 252
     0 | D:1      | 0 ||| qw: Always use a shield: true
     0 | D:1      | 0 ||| qw: God list: Okawaru
     0 | D:1      | 0 ||| qw: Allow faded altars: false
     0 | D:1      | 0 ||| qw: Do Orc after D:15 true
     0 | D:1      | 0 ||| qw: Do second Lair branch before Depths: true
     0 | D:1      | 0 ||| qw: Lair rune preference: random
     0 | D:1      | 0 ||| qw: Plans: Normal, Zot:1-4, Slime:5, God:TSO, Crypt,
                  | Tomb, Pan, Hells, Abyss, Win
     0 | D:1      | 0 ||| PLANNING D:1-11
     9 | D:1      | Noticed a polar bear
     9 | D:1      | Noticed a snapping turtle
     9 | D:1      | Noticed a rime drake
    13 | D:1      | Noticed a water moccasin
    44 | D:1      | Reached skill level 2 in Axes
   138 | D:1      | Reached XP level 2. HP: 17/19 MP: 2/2
   242 | D:1      | 242 ||| Stepping ~*~*~tactically~*~*~ (stealth).
   246 | D:1      | 246 ||| Stepping ~*~*~tactically~*~*~ (stealth).
   252 | D:1      | 252 ||| Stepping ~*~*~tactically~*~*~ (stealth).
   526 | D:1      | Reached skill level 3 in Axes
   526 | D:1      | Reached XP level 3. HP: 17/23 MP: 3/3
   736 | D:1      | Found a faded altar of an unknown god.
   758 | D:1      | 758 ||| UPGRADING to +0 pair of boots.
   763 | D:1      | 763 ||| UPGRADING to +0 pair of gloves.
   768 | D:1      | 768 ||| UPGRADING to +0 helmet.
   773 | D:1      | 773 ||| UPGRADING to ring of positive energy.
   774 | D:1      | 774 ||| READING 2 scrolls labelled SOIRICWINWE.
   775 | D:1      | 775 ||| READING 2 scrolls labelled LYBBEI QUASYJ.
   776 | D:1      | 776 ||| DROPPING scroll of vulnerability.
   848 | D:2      | 848 ||| Stepping ~*~*~tactically~*~*~ (stealth).
   852 | D:2      | 852 ||| Stepping ~*~*~tactically~*~*~ (stealth).
   898 | D:2      | 898 ||| Stepping ~*~*~tactically~*~*~ (hiding).
   899 | D:2      | 899 ||| Stepping ~*~*~tactically~*~*~ (hiding).
   900 | D:2      | 900 ||| Stepping ~*~*~tactically~*~*~ (hiding).
   901 | D:2      | 901 ||| Stepping ~*~*~tactically~*~*~ (hiding).
   902 | D:2      | 902 ||| Stepping ~*~*~tactically~*~*~ (hiding).
  1016 | D:2      | Found a bloodstained altar of Trog.
  1106 | D:2      | Identified the +0 leather armour of the Stone Wall {rN+
                  | Str+6 Dex+4}
  1186 | D:2      | Found Ukucseug's Distillery.
  1190 | D:2      | 1190 ||| BUYING potion of attraction (42 gold).
  1190 | D:2      | Bought a potion of attraction for 42 gold pieces
  1190 | D:2      | 1190 ||| SHOPLISTING potion of cancellation (112 gold, have
                  | 36).
  1190 | D:2      | 1190 ||| SHOPLISTING potion of curing (42 gold, have 36).
  1190 | D:2      | 1190 ||| SHOPLISTING potion of heal wounds (70 gold, have
                  | 36).
  1190 | D:2      | 1190 ||| SHOPLISTING potion of might (56 gold, have 36).
  1253 | D:2      | Reached XP level 4. HP: 28/28 MP: 4/4
  1301 | D:2      | Reached skill level 4 in Axes
  1310 | D:2      | HP: 7/28 [gnoll/+0 whip (7)]
  1311 | D:2      | HP: 2/28 [gnoll/+0 spear (5)]
  1315 | D:2      | Slain by a gnoll

Levels and vault maps discovered:
D:1:      onia_arrival_zoo_common, layout_basic,
          shapermc_ecumenical_altar_mp_vishouse
D:2:      layout_basic, serial_forest, infiniplex_forest_clump_tiny,
          infiniplex_forest_lined_3, infiniplex_forest_zigzag_1,
          infiniplex_forest_straight_2, infiniplex_forest_clump_tiny,
          infiniplex_forest_clump_small, basic_altar, serial_shops, shop,
          uniq_robin

Skill      XL: |  1  2  3  4 |
---------------+-------------+-----
Axes           | 2 3 4 |  4.2
Fighting       | |  3.2
Armour         | |  3.2
Shields        | |  3.2

Action                     |  1- 3 |  4- 6 || total
---------------------------+-------+-------++-------
  Melee: War axe           |    90 |    18 ||   108
    Use: Scroll            |     2 |       ||     2
 Armour: Scale mail        |    50 |    12 ||    62
  Dodge: Dodged            |    39 |    11 ||    50
  Block: Buckler           |    16 |     3 ||    19

Table legend:
 A = Non-vault XP
 B = Vault XP
 C = Vault XP percentage of total XP
 D = Non-vault monster count
 E = Vault monster count
 F = Vault count percentage of total count
                 A         B        C        D         E       F
            +---------+---------+-------+---------+---------+-------
      Total |     129 |       0 |   0.0 |      39 |       0 |   0.0
            +---------+---------+-------+---------+---------+-------
        D:1 |      46 |       0 |   0.0 |      20 |       0 |   0.0
        D:2 |      83 |       0 |   0.0 |      19 |       0 |   0.0
            +---------+---------+-------+---------+---------+-------
